 Dungeon Crawl Stone Soup version 0.31.0-32-g396128a36d (webtiles) character file.

Game seed: 14833572679106229949

466 spaghetti the Trooper (level 7, -3/73 HPs)
             Began as a Naga Chaos Knight on Mar 25, 2024.
             Was a Plaything of Xom.
             Slain by an orc
             ... wielding a +2 whip of electrocution
              (12 damage)
             ... on level 4 of the Dungeon.
             The game lasted 00:03:39 (3136 turns).

spaghetti the Trooper (Naga Chaos Knight)           Turns: 3136, Time: 00:03:40

Health: -3/73      AC:  6    Str: 11 (14) XL:     7   Next: 8%
Magic:  0/7        EV:  9    Int: 12 (14) God:    Xom [.....*]
Gold:   159        SH:  0    Dex:  9 (11) Spells: 2/6 levels left

rFire   . . .        l - +4 flail
rCold   . . .        (no shield)
rNeg    . . .        j - +2 robe {Will+}
rPois   +            m - +0 helmet
rElec   .            (no cloak)
rCorr   .            (no gloves)
SInv    +            (no barding)
Will    +....        i - amulet of guardian spirit Stlth
                     (no ring)
HPRegen 0.32/turn    (no ring)
MPRegen 0.10/turn

%: guardian spirit
@: silenced, very slow
A: AC +2, large, see invisible, deformed body, poison resistance, slowness 2,
spit poison 1, naga tail 1
a: Spit Poison, Renounce Religion


You were on level 4 of the Dungeon.
You worshipped Xom.
You were Xom's teddy bear.
You visited 1 branch of the dungeon, and saw 4 of its levels.

You collected 159 gold pieces.

Inventory:

Hand Weapons
 a - a +0 spear of chaos
 l - a +4 flail (weapon)
Armour
 b - a +2 leather armour
 j - a +2 robe of willpower (worn)
 m - a +0 helmet (worn)
Jewellery
 i - an amulet of guardian spirit (around neck)
Scrolls
 c - a scroll of butterflies
 f - a scroll of teleportation
 g - a scroll of vulnerability
 h - a scroll of identify
Potions
 d - a potion of enlightenment


   Skills:
 + Level 7.6 Fighting
 - Level 3.0 Polearms
 - Level 1.5 Armour
 - Level 0.7 Dodging
 + Level 1.3 Alchemy


You had 2 spell levels left.
You knew the following spells:

 Your Spells              Type           Power      Damage    Failure   Level
a - Olgreb's Toxic Radia  Alch           3%         N/A       88%         4

Your spell library contained the following spells:

 Spells                   Type           Power      Damage    Failure   Level
 Sting                    Conj/Alch      4%         1d3       26%         1
 Kiss of Death            Conj/Necr      0%         2d5       32%         1
 Mercury Vapours          Alch/Air       2%         N/A       36%         2
 Lesser Beckoning         Tloc           0%         N/A       45%         2
 Confusing Touch          Hex            0%         N/A       69%         3
 Gell's Gravitas          Tloc           0%         N/A       69%         3
 Teleport Other           Tloc           0%         N/A       69%         3
 Dispel Undead            Necr           0%         3d6       97%         4


Dungeon Overview and Level Annotations

Branches:
Dungeon (4/15)
 Temple: D:4-7

Altars:
Wu Jian
Zin


Innate Abilities, Weirdness & Mutations

Your serpentine skin is tough. (AC +2)
You have supernaturally acute eyesight. (SInv)
Armour fits poorly on your strangely shaped body.
Your system is resistant to poisons. (rPois)
You cover ground very slowly.
You can spit poison.
You have a snake-like lower body.


Message History

a +0 dagger; a +0 robe; an orc corpse Unknown command.
Magic scrolls do not work when you're silenced!
You feel better. The orc hits you with a +0 short sword.
The orc closely misses you.
The orc hits you with a +0 flail of holy wrath.
* * * LOW HITPOINT WARNING * * *
The orc hits you but does no damage.
You feel better. The orc hits you with a +0 short sword.
* * * LOW HITPOINT WARNING * * *
The orc hits you with a +0 club.
* * * LOW HITPOINT WARNING * * *
The orc hits you but does no damage. The orc closely misses you.
You hit the orc.
The orc is moderately wounded.
The orc closely misses you. The orc hits you but does no damage.
The orc hits you with a +2 whip of electrocution.
* * * LOW HITPOINT WARNING * * *
The orc closely misses you.
You hit the orc but do no damage.
The orc is moderately wounded.
The orc hits you with a +0 short sword.
* * * LOW HITPOINT WARNING * * *
The orc hits you with a +2 whip of electrocution.
* * * LOW HITPOINT WARNING * * *
The orc hits you but does no damage. The orc barely misses you.
The orc hits you but does no damage. The orc hits you with a +0 short sword.
* * * LOW HITPOINT WARNING * * *
The orc closely misses you. x2
You closely miss the orc.
The orc is lightly wounded.
The orc closely misses you. The orc hits you but does no damage. x2
The orc closely misses you.
You hit the orc.
The orc is moderately wounded.
The orc hits you with a +0 club.
* * * LOW HITPOINT WARNING * * *
The orc closely misses you. x2; The orc hits you but does no damage.
You are electrocuted!
You die...

#.................
#.................
####.................
#....................
+....................
#..).................
#....................
#...o.............<.S
#..o@o...............
#....o..............^
#..).................
#...######.#####.#...
#...# #.# #.####
##### ##'### #)#
#....# #.####
#######....# #.#...
#..........###.....


You could see 4 orcs.

Vanquished Creatures
  Sigmund (D:2)
  Jessica (D:3)
  2 iguanas (D:4)
  An orc wizard (D:4)
  14 adders
  2 dart slugs
  A ribbon worm (D:2)
  6 orcs
  9 ball pythons
  6 endoplasms
  A giant cockroach (D:3)
  7 hobgoblins
  2 jackals (D:1)
  2 kobolds (D:1)
  5 quokkas
  6 bats
  6 goblins
  7 rats
79 creatures vanquished.

Vanquished Creatures (others)
  An endoplasm (D:4)
1 creature vanquished.

Grand Total: 80 creatures vanquished

Notes
Turn   | Place    | Note
-------+----------+-------------------------------------------
     0 | D:1      | spaghetti the Naga Chaos Knight began the quest for the
                  | Orb.
     0 | D:1      | Reached XP level 1. HP: 21/21 MP: 1/1
   108 | D:1      | Reached XP level 2. HP: 26/28 MP: 2/2
   538 | D:1      | Reached skill level 4 in Fighting
   637 | D:1      | XOM: smoke on damage
   642 | D:1      | Reached XP level 3. HP: 26/36 MP: 3/3
   662 | D:1      | XOM: silly message
  1041 | D:2      | Noticed Sigmund
  1053 | D:2      | Killed Sigmund
  1054 | D:2      | Reached skill level 6 in Fighting
  1054 | D:2      | Reached XP level 4. HP: 47/48 MP: 4/4
  1054 | D:2      | Reached XP level 5. HP: 53/55 MP: 5/5
  1381 | D:2      | XOM: god gift: scroll labelled VUEDAU XEVU {god gift}
  1587 | D:2      | XOM: polymorph hobgoblin -> ball python
  1707 | D:2      | XOM: scenery: 4 doors open, 1 doors close
  1718 | D:2      | Reached XP level 6. HP: 44/63 MP: 6/6
  1935 | D:2      | XOM: cleaving
  2084 | D:3      | Noticed Jessica
  2095 | D:3      | Killed Jessica
  2096 | D:3      | Reached skill level 7 in Fighting
  2367 | D:3      | XOM: polymorph ribbon worm -> hobgoblin
  2403 | D:3      | XOM: scenery: summon butterflies
  2472 | D:3      | Found an ornate altar of the Wu Jian Council.
  2478 | D:3      | Found a glowing silver altar of Zin.
  2493 | D:3      | XOM: cloud trail
  2813 | D:4      | an adder changed into a shapeshifter
  2813 | D:4      | Noticed a shapeshifter (shapeshifter)
  2813 | D:4      | XOM: polymorph adder -> shapeshifter
  2814 | D:4      | a shapeshifter changed into an endoplasm
  2991 | D:4      | XOM: god gift: Young Poisoner's Handbook
  2998 | D:4      | Learned a level 4 spell: Olgreb's Toxic Radiance
  3029 | D:4      | Reached XP level 7. HP: 27/72 MP: 4/7
  3130 | D:4      | Reached skill level 1 in Alchemy
  3136 | D:4      | Slain by an orc

Illustrated notes

Levels and vault maps discovered:
D:1:      psy_arrival_heroes, layout_basic, hangedman_decor_growths
D:2:      layout_loops_ring, minmay_snake_closets, uniq_sigmund
D:3:      layout_loops_ring, mainiacjoe_overflow_catwalk_spiral,
          kennysheep_small_spiral, nicolae_half_adder, uniq_jessica
D:4:      layout_basic, minmay_small_thing

Skill      XL: |  1  2  3  4  5  6  7 |
---------------+----------------------+-----
Fighting       | 4 6 7 |  7.6
Alchemy        | 1 |  1.3
Polearms       | |  3.0
Armour         | |  1.5
Dodging        | |  0.7

Action                     |  1- 3 |  4- 6 |  7- 9 || total
---------------------------+-------+-------+-------++-------
  Melee: Spear             |   103 |   105 |       ||   208
         Punch             |     2 |     4 |       ||     6
         Flail             |       |    70 |    13 ||    83
Ability: Spit Poison       |       |     2 |     2 ||     4
    Use: Potion            |     1 |     4 |     2 ||     7
         Scroll            |       |     5 |     1 ||     6
   Stab: Sleeping          |     1 |     3 |       ||     4
         Paralysed         |     1 |     1 |       ||     2
 Armour: Leather armour    |    49 |    60 |       ||   109
         Robe              |       |    72 |    36 ||   108
  Dodge: Dodged            |    44 |    91 |    21 ||   156
